 Dungeon Crawl Stone Soup version 0.24-a0-464-g6b2be6b8c7 (webtiles) character file.

Game seed: 13430064566052726948

4 Bikalo the Ruffian (level 1, 0/18 HPs)
             Began as a Naga Transmuter on July 4, 2019.
             Slain by a bat (1 damage)
             ... on level 1 of the Dungeon.
             The game lasted 00:00:50 (506 turns).

Bikalo the Ruffian (Naga Transmuter)                 Turns: 506, Time: 00:00:51

Health: 0/18       AC:  1    Str: 12    XL:     1   Next: 60%
Magic:  2/3        EV: 10    Int: 13    God:
Gold:   4          SH:  0    Dex: 11    Spells: 3/4 levels left

rFire    . . .     SeeInvis +   c - +1 dagger (speed)
rCold    . . .     Gourm    .   (no shield)
rNeg     . . .     Faith    .   b - +0 robe
rPois    +         Spirit   .   (no helmet)
rElec    .         Reflect  .   (no cloak)
rCorr    .         Harm     .   (no gloves)
MR       .....                  (no barding)
Stlth    +.........             (no amulet)
HPRegen  0.06/turn              (no ring)
MPRegen  0.08/turn              (no ring)

@: appendage, very slow
A: large, horns 2, see invisible, deformed body, poison resistance, slowness 2,
slow metabolism 1, spit poison 1, AC +0
a: Spit Poison, End Transformation


You were on level 1 of the Dungeon.
You were not hungry.
You had grown temporary horns.
You visited 1 branch of the dungeon, and saw 1 of its levels.

You collected 4 gold pieces.

Inventory:

Hand Weapons
 c - a +1 dagger of speed (weapon)
Missiles
 a - 12 arrows
Armour
 b - a +0 robe (worn)
Scrolls
 f - 2 scrolls of amnesia {unknown}
Potions
 e - a potion of flight {unknown}
Comestibles
 d - a ration


   Skills:
 + Level 1.1 Fighting
 + Level 0.2 Short Blades
 + Level 1.6 Dodging
 + Level 3.0 Unarmed Combat
 - Level 2.0 Spellcasting
 + Level 2.0 Transmutations


You had 3 spell levels left.
You knew the following spells:

 Your Spells              Type           Power        Failure   Level  Hunger
a - Beastly Appendage     Tmut           #.....       11%         1    ##.....

Your spell library contained the following spells:

 Spells                   Type           Power        Failure   Level  Hunger
 Sticks to Snakes         Tmut           #.......     16%         2    ###....
 Spider Form              Tmut/Pois      #.........   45%         3    ####...
 Ice Form                 Ice/Tmut       #.......     86%         4    #####..
 Blade Hands              Tmut           #.........   96%         5    ######.


Dungeon Overview and Level Annotations

Branches:
Dungeon (1/15)

Altars:


Innate Abilities, Weirdness & Mutations

You cannot wear boots.
Your serpentine skin is tough. (AC +0)
You have supernaturally acute eyesight. (SInv)
Armour fits poorly on your strangely shaped body.
Your system is resistant to poisons. (rPois)
You cover ground very slowly.
You have a slow metabolism.
You can spit poison.
You have a pair of horns on your head.


Message History

You closely miss the kobold. The kobold barely misses you.
You hit the kobold but do no damage. The kobold hits you but does no damage.
Casting: Beastly Appendage (safe; 11% risk of failure)
Confirm with . or Enter, or press ? or * to list all spells.
You grow a pair of large bovine horns.
You have got your breath back.
The kobold barely misses you.
Unknown command.
You are too injured to fight recklessly!
You are too injured to fight recklessly!
You are too injured to fight recklessly!
You closely miss the kobold. You headbutt the kobold.
You kill the kobold!
You barely miss the goblin. The goblin hits you with a +0 club.
* * * LOW HITPOINT WARNING * * *
You hit the goblin.
You kill the goblin!
The bat hits you but does no damage.
You closely miss the bat. The bat hits you.
You die...

#.............#
#......########
#......<...(..# #......#
#....[........# ##......#
#.............###.......#
###############...#.....#
#........###.....#
....##...#...#####
......)..(...#
......#..@#### .....
###b# .... #g# ... #..#
.. ..... . #####... .>...
.... ...


You could see a goblin and a bat.

Vanquished Creatures
  A goblin (D:1)
  A hobgoblin (D:1)
  A frilled lizard (D:1)
  A kobold (D:1)
4 creatures vanquished.

Notes
Turn   | Place    | Note
-------+----------+-------------------------------------------
     0 | D:1      | Bikalo the Naga Transmuter began the quest for the Orb.
     0 | D:1      | Reached XP level 1. HP: 18/18 MP: 3/3
   506 | D:1      | Slain by a bat

Levels and vault maps discovered:
D:1:      lemuel_arrival_hallway, layout_rooms

Action                   || total
-------------------------++-------
Melee: Dagger            ||    27
       Headbutt          ||     1
 Cast: Beastly Appendage ||     2
 Abil: Spit Poison       ||     2
Armor: Robe              ||     3
Dodge: Dodged            ||    10

Table legend:
 A = Non-vault XP
 B = Vault XP
 C = Vault XP percentage of total XP
 D = Non-vault monster count
 E = Vault monster count
 F = Vault count percentage of total count
                 A         B        C        D         E       F
            +---------+---------+-------+---------+---------+-------
      Total |       6 |       0 |   0.0 |       4 |       0 |   0.0
            +---------+---------+-------+---------+---------+-------
        D:1 |       6 |       0 |   0.0 |       4 |       0 |   0.0
            +---------+---------+-------+---------+---------+-------
